 Dungeon Crawl Stone Soup version 0.29.1-4-g47bece8355 (webtiles) character file.

Game seed: 7139923102746224532

2304 kingsuperguy the Cleaver (level 9, -3/121 HPs)
             Began as a Minotaur Berserker on Dec 2, 2022.
             Was a Priest of Trog.
             Succumbed to a gnoll sergeant's poison
             ... on level 7 of the Dungeon.
             The game lasted 00:08:20 (7546 turns).

kingsuperguy the Cleaver (Minotaur Berserker)       Turns: 7546, Time: 00:08:20

Health: -3/121     AC: 15    Str: 26    XL:     9   Next: 18%
Magic:  8/8        EV:  8    Int:  4    God:    Trog [***...]
Gold:   296        SH:  0    Dex: 10    Spells: 8/8 levels left

rFire   . . .      SeeInvis .   a - +0 hand axe
rCold   . . .      Faith    .   (no shield)
rNeg    . . .      Spirit   .   x - +0 plate armour
rPois   .          Reflect  .   (helmet restricted)
rElec   .          Harm     .   (no cloak)
rCorr   +          Rampage  .   (no gloves)
Will    +....                   (no boots)
Stlth   ..........              (no amulet)
HPRegen 0.30/turn               f - ring of resist corrosion
MPRegen 0.11/turn               m - ring of willpower

@: berserking, lethally poisoned (-3 -> -56), slowed
A: horns 2, retaliatory headbutt, iridescent scales 1
a: Renounce Religion, Berserk, Trog's Hand


You were on level 7 of the Dungeon.
You worshipped Trog.
Trog was most pleased with you.
You visited 1 branch of the dungeon, and saw 7 of its levels.

You collected 296 gold pieces.

Inventory:

Hand Weapons
 a - a +0 hand axe (weapon)
 r - a +0 war axe
Missiles
 p - 9 poisoned darts (quivered)
 s - 4 silver boomerangs
 z - a throwing net
Armour
 b - a +0 animal skin
 e - a +0 ring mail
 x - a +0 plate armour (worn)
Jewellery
 f - a ring of resist corrosion (left hand)
 m - a ring of willpower (right hand)
Wands
 q - a wand of paralysis (11)
Scrolls
 d - 3 scrolls of poison
 j - a scroll of enchant armour
 l - a scroll of enchant weapon
 n - 4 scrolls of teleportation
 u - a scroll of amnesia {unknown}
 v - a scroll of butterflies {unknown}
 w - 3 scrolls of immolation {unknown}
 y - a scroll of noise {unknown}
 A - a scroll of silence {unknown}
 C - a scroll of summoning {unknown}
 D - a scroll of identify
Potions
 c - a potion of cancellation {unknown}
 g - 2 potions of mutation
 h - 2 potions of heal wounds
 i - 2 potions of lignification {unknown}
 k - 2 potions of curing
 o - 2 potions of might {unknown}
 t - a potion of berserk rage {unknown}
 B - a potion of degeneration {unknown}
 F - 2 potions of flight {unknown}
Miscellaneous
 E - a piece from Xom's chessboard (15/15)


   Skills:
 + Level 8.1 Fighting
 + Level 10.1 Axes
 + Level 7.8 Armour
 + Level 4.1 Dodging
 + Level 1.3 Stealth


You had 8 spell levels left.
You didn't know any spells.
Your spell library was empty.

Dungeon Overview and Level Annotations

Branches:
Dungeon (7/15)             Temple (0/1) D:4

Altars:
Ru
Trog
Vehumet

Shops:
D:3 =*


Innate Abilities, Weirdness & Mutations

You have a pair of horns on your head.
You reflexively headbutt those who attack you in melee.
You are partially covered in iridescent scales. (AC +2)


Message History

You are more poisoned.
You slash the gnoll!
You feel the power of Trog in you as your rage grows.
You kill the gnoll!
Trog accepts your kill.
You hit the gnoll.
You feel very sick.
You barely miss the gnoll.
The gnoll is lightly wounded.
You feel very sick.
The gnoll throws a curare-tipped dart.
The curare-tipped dart hits you.
You are more poisoned.
You have difficulty breathing.
You feel as though you will be slow longer.
The gnoll hits you but does no damage.
The gnoll sergeant hits you from afar with a +0 spear of venom.
You are lethally poisoned!
You slash the gnoll!
You kill the gnoll!
Trog accepts your kill.
* * * LOW HITPOINT WARNING * * *
You feel extremely sick.
The gnoll sergeant hits you but does no damage.
You are more poisoned.
A gnoll comes into view.
It is wielding a +0 whip and quivering poisoned darts.
* * * LOW HITPOINT WARNING * * *
You feel extremely sick.
The gnoll sergeant hits you with a +0 spear of venom.
* * * LOW HITPOINT WARNING * * *
You are more poisoned.
You slash the gnoll sergeant!
The gnoll sergeant is almost dead.
* * * LOW HITPOINT WARNING * * *
You feel extremely sick.
The gnoll sergeant hits you but does no damage.
You are more poisoned.
You closely miss the gnoll sergeant. You headbutt the gnoll sergeant.
You kill the gnoll sergeant!
Trog accepts your kill.
You die...

..... ...#.#.
.....###.#.....
####.............. .....
...#............## .....
..>...##........## ......
##...#............ ......
...:....##).....###......
#...).##.(##..##.......
#...).@..####..........
#......#))###...........
....##.##.)))).))##......
#.# #..#..##..#.).......
. #...รท)#####.#.......
...#g....#####.........
...g......##(..........
..##..))...............
#.....#............


There were no monsters in sight!

Vanquished Creatures
  A water moccasin (D:5)
  An orc warrior (D:7)
  A black bear (D:5)
  An ice beast (D:7)
  3 centaurs
  2 phantoms
  A kobold brigand (D:7)
  A bullfrog (D:7)
  A necrophage (D:4)
  2 gnoll sergeants (D:7)
  3 scorpions
  4 wights (D:7)
  2 howler monkeys
  5 hounds
  6 orc priests
  6 iguanas
  Terence (D:3)
  Natasha (thrice) (D:3)
  Robin (D:2)
  9 gnolls
  2 adders
  A shadow imp (D:7)
  A white imp (D:6)
  2 ufetubi
  3 worms (D:2)
  3 dart slugs
  14 orcs
  4 bats
  2 endoplasms
  14 goblins
  9 hobgoblins
  2 jackals (D:2)
  10 kobolds
  2 quokkas
  5 ball pythons
  2 frilled lizards (D:1)
  5 rats
135 creatures vanquished.

Notes
Turn   | Place    | Note
-------+----------+-------------------------------------------
     0 | D:1      | kingsuperguy the Minotaur Berserker began the quest for the
                  | Orb.
     0 | D:1      | Reached XP level 1. HP: 19/19 MP: 0/0
   288 | D:1      | Found a faded altar of an unknown god.
   401 | D:1      | Reached skill level 4 in Axes
   440 | D:1      | Reached XP level 2. HP: 24/27 MP: 1/1
  1440 | D:2      | Found a sacrificial altar of Ru.
  1467 | D:2      | Noticed Robin
  1479 | D:2      | Reached XP level 3. HP: 33/33 MP: 2/2
  1482 | D:2      | Killed Robin
  1825 | D:2      | Reached ** piety under Trog
  2162 | D:2      | Reached XP level 4. HP: 40/40 MP: 3/3
  2225 | D:3      | Found Noicudgh's Assorted Antiques.
  2333 | D:3      | Reached skill level 5 in Axes
  2429 | D:3      | Noticed Terence
  2446 | D:3      | Killed Terence
  2579 | D:3      | Found Umnexuj's Jewellery Shop.
  2586 | D:3      | Noticed Natasha
  2589 | D:3      | Killed Natasha
  2590 | D:3      | Reached XP level 5. HP: 47/47 MP: 4/4
  2808 | D:3      | Noticed Natasha
  2816 | D:3      | Killed Natasha
  2955 | D:3      | Noticed Natasha
  2965 | D:3      | Killed Natasha
  3090 | D:4      | Reached skill level 6 in Axes
  3090 | D:4      | Reached XP level 6. HP: 55/55 MP: 5/5
  3112 | D:4      | Reached skill level 5 in Fighting
  3183 | D:4      | Found a staircase to the Ecumenical Temple.
  3660 | D:4      | Reached XP level 7. HP: 14/61 MP: 6/6
  4108 | D:4      | Reached skill level 7 in Axes
  4618 | D:4      | Reached skill level 1 in Stealth
  4816 | D:4      | Reached skill level 5 in Armour
  5250 | D:5      | Entered Level 5 of the Dungeon
  5407 | D:5      | Reached XP level 8. HP: 25/71 MP: 7/7
  5792 | D:5      | Reached skill level 8 in Axes
  5946 | D:5      | Found a bloodstained altar of Trog.
  5970 | D:5      | Reached *** piety under Trog
  6174 | D:5      | Found a radiant altar of Vehumet.
  6356 | D:5      | Identified the +8 short sword of the Viper {vorpal, rC+
                  | rN+}
  7031 | D:6      | Reached skill level 9 in Axes
  7294 | D:7      | Reached XP level 9. HP: 24/79 MP: 8/8
  7302 | D:7      | Gained mutation: You are partially covered in iridescent
                  | scales. (AC +2) [potion of mutation]
  7302 | D:7      | HP: 3/80 [gnoll/+0 whip[a gnoll sergeant] (3)]
  7338 | D:7      | Reached skill level 10 in Axes
  7546 | D:7      | Succumbed to a gnoll sergeant's poison

Illustrated notes

Levels and vault maps discovered:
D:1:      shiori_arrival_elements, layout_loops_corners,
          shapermc_ecumenical_altar_mp_vishouse, serial_park_tiny_2,
          patterned_corridor
D:2:      layout_basic, basic_altar, uniq_robin
D:3:      layout_rooms, serial_shops, shop, nicolae_shop_overgrown_old_shop,
          uniq_natasha, uniq_terence
D:4:      layout_basic, minmay_temple_entry_proselytizer, serial_rivers,
          chequers_serial_rivers_large_a, chequers_serial_rivers_large_b,
          chequers_serial_rivers_marsh, chequers_serial_rivers_small_b
D:5:      layout_loops_corners, bloody_trog, lemuel_crystal_altar
D:6:      layout_loops_ring, hellmonk_bongcloud_opening
D:7:      layout_cave_pools

Skill      XL: |  1  2  3  4  5  6  7  8  9 |
---------------+----------------------------+-----
Axes           | 4 5 6 7 9 10 | 10.1
Fighting       | 4 5 6 7 8 |  8.1
Armour         | 3 4 5 7 |  7.8
Dodging        | 3 4 |  4.1
Stealth        | 1 |  1.3

Action                   |  1- 3 |  4- 6 |  7- 9 || total
-------------------------+-------+-------+-------++-------
Melee: Hand axe          |    78 |   113 |   202 ||   393
       Headbutt          |     7 |    19 |    36 ||    62
       Punch             |       |     2 |     2 ||     4
Invok: Berserk           |     1 |     3 |     4 ||     8
  Use: Scroll            |       |     4 |       ||     4
       Potion            |       |       |     4 ||     4
Armor: Animal skin       |    10 |       |       ||    10
       Ring mail         |    13 |    31 |    11 ||    55
       Plate armour      |       |       |    85 ||    85
Dodge: Dodged            |    50 |    56 |    88 ||   194
